 Dungeon Crawl Stone Soup version 0.26-a0-597-gb535b0901c (webtiles) character file.

Game seed: 16375530498988186565

18 Borgoz the Slasher (level 2, 25/27 HPs)
             Began as a Palentonga Berserker on Sept 15, 2020.
             Was a Follower of Trog.
             Quit the game on level 1 of the Dungeon.
             The game lasted 00:00:41 (405 turns).

Borgoz the Slasher (Palentonga Berserker)            Turns: 405, Time: 00:00:42

Health: 25/27      AC:  4    Str: 20    XL:     2   Next: 51%
Magic:  2/2        EV: 10    Int:  7    God:    Trog [*.....]
Gold:   11         SH:  0    Dex:  9    Spells: 1/1 levels left

rFire    . . .     SeeInvis +   a - +0 falchion
rCold    . . .     Faith    .   (no shield)
rNeg     . . .     Spirit   .   b - +0 animal skin
rPois    .         Reflect  .   (no helmet)
rElec    .         Harm     .   (no cloak)
rCorr    .                      (no gloves)
MR       .....                  (no barding)
Stlth    +.........             (no amulet)
HPRegen  0.09/turn              (no ring)
MPRegen  0.08/turn              (no ring)

@: berserk cooldown, slowed, very slow
A: large, rugged brown scales 3, see invisible, deformed body, roll, armoured
tail
a: Rolling Charge, Berserk, Renounce Religion


You were on level 1 of the Dungeon.
You worshipped Trog.
Trog was aware of your devotion.
You visited 1 branch of the dungeon, and saw 1 of its levels.

You collected 11 gold pieces.

Inventory:

Hand Weapons
 a - a +0 falchion (weapon)
Armour
 b - a +0 animal skin (worn)
Scrolls
 c - a scroll of remove curse


   Skills:
 + Level 3.2 Fighting
 + Level 3.2 Long Blades
 + Level 1.9 Armour
 + Level 1.9 Dodging


You had one spell level left.
You didn't know any spells.
Your spell library was empty.

Dungeon Overview and Level Annotations

Branches:
Dungeon (1/15)

Altars:


Innate Abilities, Weirdness & Mutations

You are completely covered in rugged brown scales. (AC +3, +7% HP)
You have supernaturally acute eyesight. (SInv)
Armour fits poorly on your strangely shaped body.
You can roll at foes to attack.
You have a long armoured tail.


Message History

Found a mace and a club.
There is an open door here.
A bat is nearby!
The bat hits you but does no damage.
Found 18 gold pieces.
You miss the bat. The bat hits you but does no damage. The bat hits you.
The bat hits you but does no damage.
Found 7 gold pieces.
You closely miss the bat. The bat hits you.
The bat hits you but does no damage. The bat barely misses you.
You barely miss the bat.
Your tail-slap misses the bat.
The bat closely misses you. The bat closely misses you.
You slash the bat!
You kill the bat!
Trog accepts your kill.
No target in view!
No target in view!
No target in view!
Are you sure you want to abandon this character and quit the game? (Confirm with "yes".)

######
#########....#######
#......##....##....#
#......##....##$...#
##†.....##....##...$#
...))..........+..).+
###).........###@)..###
.............'...!......
######[......##########.
#.....)..# #....#####
#....# #....# #....#
######


There were no monsters in sight!

Vanquished Creatures
  A dart slug (D:1)
  2 leopard geckos (D:1)
  2 bats (D:1)
  A goblin (D:1)
  3 hobgoblins (D:1)
  2 kobolds (D:1)
  A frilled lizard (D:1)
  A rat (D:1)
13 creatures vanquished.

Notes
Turn   | Place    | Note
-------+----------+-------------------------------------------
     0 | D:1      | Borgoz the Palentonga Berserker began the quest for the
                  | Orb.
     0 | D:1      | Reached XP level 1. HP: 20/20 MP: 1/1
   274 | D:1      | Reached XP level 2. HP: 25/27 MP: 2/2
   405 | D:1      | Quit the game

Illustrated notes

Levels and vault maps discovered:
D:1:      minmay_arrival_jagged, layout_basic

Action                   || total
-------------------------++-------
Melee: Falchion          ||    26
       Tailslap          ||     4
Invok: Berserk           ||     2
 Abil: Rolling Charge    ||     1
  Use: Scroll            ||     1
       Potion            ||     1
Armor: Animal skin       ||    14
Dodge: Dodged            ||    19
       Rpst.: Falchion   ||     8

Table legend: (Time is in decaauts)
 A = Elapsed time spent in this place.
 B = Non-inter-level travel time spent in this place.
 C = Inter-level travel time spent in this place.
 D = Time resting spent in this place.
 E = Time spent auto-exploring this place.
 F = Levels seen in this place.
 G = Mean time per level.
                   A        B        C        D        E       F      G
               +--------+--------+--------+--------+--------+-----+--------+
         Total |    426 |    426 |      0 |    214 |    147 |   1 |  426.0 |
       Dungeon |    426 |    426 |      0 |    214 |    147 |   1 |  426.0 |
               +--------+--------+--------+--------+--------+-----+--------+

Top non-repeatable levels by time:
     D:1: 426 daAuts
